AoeStats
← Sidnarref

Arena

507990508Analyzed
1v1 RM · 13d ago on Sep 20, 2026· 56m 7s· 2 players
Game mode
Random Map
Map size
Tiny (2 player)
Population
200
Speed
Normal
Resources
Standard
Victory
Conquest
Starting age
Dark Age
Ending age
Imperial Age
RankedLock teamsTeams togetherTeam positionsShared explorationLock speedFull tech treeHidden civsTurbo modeCheats
Victory
Defeat
🇬🇧 Persians · United Kingdom
813
+17
🇦🇷 Bohemians · Argentina
826
-17
Sidnarref
5:00 Loom
10:58 Feudal Age
11:52 Double-Bit Axe
12:44 Wheelbarrow
11:55 Horse Collar
18:51 Castle Age
17:23 Stone Mining
18:30 Gold Mining
19:49 Hand Cart
20:32 Gold Shaft Mining
20:44 Bow Saw
22:36 Forging
23:32 Husbandry
26:01 Bloodlines
26:26 Heavy Plow
31:45 Imperial Age
30:05 Kamandaran
31:44 Iron Casting
31:12 Scale Mail Armor
31:18 Scale Barding Armor
31:03 Fletching
31:13 Padded Archer Armor
32:22 Conscription
31:58 Town Watch
33:08 Ballistics
33:11 Town Patrol
34:16 Two-Man Saw
34:50 Chemistry
34:03 Thumb Ring
34:56 Crop Rotation
34:13 Crossbowman
35:17 Bodkin Arrow
35:38 Leather Archer Armor
36:23 Blast Furnace
35:39 Chain Mail Armor
36:18 Cavalier
37:20 Savar
38:48 Plate Mail Armor
40:57 Blast Furnace
43:43 Onager
46:30 Ring Archer Armor
51:29 Elite War Elephant
52:52 Chain Barding Armor
55:22 Light Cavalry
DANY LUGA
3:16 Loom
12:46 Feudal Age
13:57 Double-Bit Axe
18:13 Castle Age
17:22 Horse Collar
19:44 Bow Saw
19:48 Heavy Plow
22:39 Squires
24:01 Scale Barding Armor
25:13 Wheelbarrow
25:00 Forging
30:40 Imperial Age
27:59 Pikeman
28:25 Arson
32:03 Chemistry
32:01 Ballistics
32:21 Iron Casting
33:48 Two-Man Saw
35:22 Blast Furnace
34:43 Chain Barding Armor
34:24 Town Watch
37:34 Sanctity
37:03 Halberdier
38:09 Scale Mail Armor
38:01 Fletching
38:04 Cavalier
42:27 Elite Hussite Wagon
44:40 Chain Mail Armor
44:21 Bodkin Arrow
44:55 Houfnice
46:25 Plate Mail Armor
50:15 Hand Cart
50:01 Town Patrol
51:54 Bracer
51:55 Padded Archer Armor
52:35 Wagenburg Tactics
52:36 Hussite Reforms
52:47 Sappers
52:43 Heavy Scorpion
Connection lost

Rejoining the realm…

Still unreachable

The connection could not be restored.

Session expired

The server has moved on; the page needs a fresh start.